 Dungeon Crawl Stone Soup version 0.17.2-1-ge4368a0 (webtiles) character file.

4 Goblin1989 the Insei (level 1, -4/15 HPs)
             Began as a Demonspawn Transmuter on Nov 25, 2017.
             Slain by a hobgoblin
             ... wielding a +0 club
              (6 damage)
             ... on level 1 of the Dungeon.
             The game lasted 00:00:31 (116 turns).

Goblin1989 the Insei (Demonspawn Transmuter)         Turns: 116, Time: 00:00:31

Health: -4/15      AC:  2    Str: 10    XL:     1   Next: 58%
Magic:  3/3        EV: 12    Int: 14    God:
Gold:   26         SH:  0    Dex: 13    Spells: 1 memorised, 3 levels left

rFire  . . .     SeeInvis .       - Unarmed
rCold  . . .     Clarity  .     b - +0 robe
rNeg   . . .     SustAt   .     (no shield)
rPois  .         Gourm    .     (no helmet)
rElec  .         Spirit   .     (no cloak)
rCorr  .         Warding  .     (no gloves)
rMut   .         Stasis   .     (no boots)
MR     .....                    (no amulet)
Stlth  +.........               (no ring)
                                (no ring)

@: not resistant to hostile enchantments, very unstealthy
A: no striking features
a: no special abilities


You were on level 1 of the Dungeon.
You were not hungry.

You visited 1 branch of the dungeon, and saw 1 of its levels.

You collected 26 gold pieces.

Inventory:

Missiles
 a - 12 arrows
Armour
 b - a +0 robe (worn)
Scrolls
 d - a scroll of enchant armour {unknown}
 f - a scroll of amnesia {unknown}
 g - a scroll of remove curse {unknown}
Books
 c - a book of Changes

   Spells                             Type                      Level
   a - Beastly Appendage              Transmutation                1
   b - Sticks to Snakes               Transmutation                2
   c - Spider Form                    Transmutation/Poison         3
   d - Ice Form                       Ice/Transmutation            4
   e - Blade Hands                    Transmutation                5
Comestibles
 e - a bread ration {@e1}
 h - 2 chunks of flesh


   Skills:
 - Level 1.0 Fighting
 - Level 1.7 Dodging
 + Level 3.0 Unarmed Combat
 - Level 2.0 Spellcasting
 - Level 1.7 Transmutations


You had 3 spell levels left.
You knew the following spells:

 Your Spells              Type           Power        Failure   Level  Hunger
a - Beastly Appendage     Trmt           #.....       14%         1    ##.....


Dungeon Overview and Level Annotations

Branches:
Dungeon (1/15)

Altars:


Message History

g - a scroll labeled PIYGO TE MODD You now have 15 gold pieces.
A jackal comes into view.
A jackal is nearby!
A jackal comes into view.
The jackal barks!
The jackal barks!
The jackal closely misses you. The jackal bites you. The jackal bites you.
The jackal misses you.
You take 2 damage, and have 10/15 hp.
You hit the jackal.
You kill the jackal!
Your Unarmed Combat skill increases to level 3!
The jackal bites you.
You take 1 damage, and have 9/15 hp.
You are too injured to fight recklessly!
You are too injured to fight recklessly!
You are too injured to fight recklessly!
You are too injured to fight recklessly!
You are too injured to fight recklessly!
You are too injured to fight recklessly!
You are too injured to fight recklessly!
You are too injured to fight recklessly!
You are too injured to fight recklessly!
You are too injured to fight recklessly!
You are too injured to fight recklessly!
You are too injured to fight recklessly!
You are too injured to fight recklessly!
You are too injured to fight recklessly!
You are too injured to fight recklessly!
You are too injured to fight recklessly!
You are too injured to fight recklessly!
You are too injured to fight recklessly!
You are too injured to fight recklessly!
You are too injured to fight recklessly!
You are too injured to fight recklessly!
You are too injured to fight recklessly!
You are too injured to fight recklessly!
You are too injured to fight recklessly!
You are too injured to fight recklessly!
You are too injured to fight recklessly!
You are too injured to fight recklessly!
You are too injured to fight recklessly!
You are too injured to fight recklessly!
You are too injured to fight recklessly!
You are too injured to fight recklessly!
You are too injured to fight recklessly!
You are too injured to fight recklessly!
Unknown command.
The jackal barely misses you.
You barely miss the jackal. The jackal bites you. The jackal misses you.
You take 2 damage, and have 8/15 hp.
You barely miss the jackal.
The jackal bites you but does no damage.
You closely miss the jackal. The jackal barely misses you.
You hit the jackal.
You kill the jackal!
You see here a jackal corpse.
You see here a jackal corpse.
You see here a jackal corpse.
You butcher the jackal corpse.
h - 2 chunks of flesh You see here a jackal skeleton.
You now have 26 gold pieces (gained 11).
A hobgoblin comes into view. It is wielding a club.
You regained 2 hp, and now have 10/15 hp.
A hobgoblin is nearby!
A hobgoblin is nearby!
A hobgoblin is nearby!
The hobgoblin shouts!
The hobgoblin barely misses you.
You hit the hobgoblin but do no damage. The hobgoblin hits you with a club.
You take 3 damage, and have 7/15 hp.
You are too injured to fight recklessly!
You are too injured to fight recklessly!
You are too injured to fight recklessly!
You are too injured to fight recklessly!
You are too injured to fight recklessly!
You are too injured to fight recklessly!
You are too injured to fight recklessly!
You are too injured to fight recklessly!
You are too injured to fight recklessly!
You are too injured to fight recklessly!
You are too injured to fight recklessly!
You are too injured to fight recklessly!
You are too injured to fight recklessly!
You are too injured to fight recklessly!
You hit the hobgoblin but do no damage. You barely miss the hobgoblin.
The hobgoblin closely misses you.
You hit the hobgoblin but do no damage.
The hobgoblin hits you but does no damage.
You closely miss the hobgoblin. The hobgoblin hits you with a club.
* * * LOW HITPOINT WARNING * * *
You take 4 damage, and have 3/15 hp.
O_OOPS!!
MASSIVE DAMAGE!!
You closely miss the hobgoblin. The hobgoblin hits you with a club.
* * * LOW HITPOINT WARNING * * *
You take 1 damage, and have 2/15 hp.
You hit the hobgoblin but do no damage. You barely miss the hobgoblin.
The hobgoblin hits you with a club.
You die...

█.....██.█████
█.....█.......
█.....█.......
██...(.█.......
█..............
█.............. .
█..............
....██████..............
......g@........█.......
.............██........█
...................███.█
.█.█.........█.......█÷█
.. █.█.███████..████.█.█
. █.█. █..██...█.█ █ █.
█.......█.█ █ █.
█████.███)█.█..
█.█.███.......█.█....


You could see a hobgoblin.

Vanquished Creatures
  A hobgoblin (D:1)
  2 jackals (D:1)
  A giant newt (D:1)
  A goblin (D:1)
5 creatures vanquished.

Notes
Turn   | Place    | Note
--------------------------------------------------------------
     0 | D:1      | Goblin1989 the Demonspawn Transmuter began the quest for the Orb.
     0 | D:1      | Reached XP level 1. HP: 15/15 MP: 3/3
    58 | D:1      | Reached skill level 3 in Unarmed Combat
   116 | D:1      | Slain by a hobgoblin

Action                   || total
-------------------------++-------
Melee: Unarmed           ||    25
 Stab: Sleeping          ||     1

Vault maps used:
D:1:      lemuel_arrival_rhombus, columned_hall_lemuel
